 Dungeon Crawl Stone Soup version 0.21.1-1-g345015f (webtiles) character file.

882 tidbits the Covert (level 8, -5/63 HPs)
             Began as a Gnoll Assassin on Mar 31, 2018.
             Was an Initiate of Cheibriados.
             Slain by an orc warrior
             ... wielding a +0 war axe
              (21 damage)
             ... in a bailey.
             The game lasted 00:20:51 (1528 turns).

tidbits the Covert (Gnoll Assassin)                 Turns: 1528, Time: 00:20:52

Health: -5/63      AC: 11    Str: 15    XL:     8   Next: 5%
Magic:  12/12      EV:  8    Int: 17    God:    Cheibriados [......]
Gold:   262        SH:  0    Dex: 20    Spells: 12/12 levels left

rFire    . . .     SeeInvis .   w - +0 war axe
rCold    . . .     Gourm    .   (no shield)
rNeg     . . .     Faith    .   B - +1 chain mail {rPois}
rPois    +         Spirit   .   (no helmet)
rElec    .         Reflect  .   C - +0 cloak
rCorr    .         Harm     .   (no gloves)
MR       .....                  (no boots)
Stlth    +.........             (no amulet)
HPRegen  0.20/turn              E - +3 ring of dexterity
MPRegen  0.13/turn              (no ring)

@: very slow
A: distributed training, fangs 1, strong nose
a: Bend Time, Renounce Religion


You were in a bailey.
You worshipped Cheibriados.
Cheibriados was noncommittal.
You were not hungry.

You visited 2 branches of the dungeon, and saw 8 of its levels.
You also visited: Bailey.

You collected 262 gold pieces.

Inventory:

Hand Weapons
 a - a +2 dagger
 d - a +0 hand axe of freezing
   (You took it off an orc on level 5 of the Dungeon)
 f - a +0 morningstar
 g - a +0 blowgun
 h - a +0 flail
 k - a +0 quarterstaff
 w - a +0 war axe (weapon)
 z - a +0 trident
 H - a +0 halberd
Missiles
 e - 45 poisoned needles
 n - 14 tomahawks
 s - 28 sling bullets
 u - a tomahawk of returning (quivered)
 F - 19 arrows
 G - 7 stones
Armour
 b - a +0 robe
 l - a +0 leather armour
 o - a +0 ring mail
 A - a +0 robe
 B - a +1 chain mail of poison resistance (worn)
   (You took it off Terence on level 3 of the Dungeon)
 C - a +0 cloak (worn)
Jewellery
 x - a -3 ring of protection
   (You found it on level 4 of the Dungeon)
 E - a +3 ring of dexterity (left hand)
   (You found it on level 6 of the Dungeon)
Wands
 p - a wand of paralysis (2)
Scrolls
 i - 2 scrolls of immolation
 m - a scroll of amnesia
 q - 2 scrolls of enchant weapon
 D - a scroll of magic mapping
Potions
 j - a potion of heal wounds
 t - 4 potions of curing
 v - a potion of degeneration
Comestibles
 c - 10 rations


   Skills:
 + Level 5.4 Fighting
 + Level 5.4 Short Blades
 + Level 2.8 Long Blades
 + Level 2.8 Axes
 + Level 2.8 Maces & Flails
 + Level 2.8 Polearms
 + Level 2.8 Staves
 + Level 2.8 Slings
 + Level 2.8 Bows
 + Level 2.8 Crossbows
 + Level 5.4 Throwing
 + Level 2.8 Armour
 + Level 3.9 Dodging
 + Level 8.3 Stealth
 + Level 2.8 Shields
 + Level 2.8 Unarmed Combat
 + Level 2.8 Spellcasting
 + Level 2.3 Conjurations
 + Level 2.3 Hexes
 + Level 2.3 Charms
 + Level 2.3 Summonings
 + Level 2.3 Necromancy
 + Level 2.3 Translocations
 + Level 2.3 Transmutations
 + Level 2.3 Fire Magic
 + Level 2.3 Ice Magic
 + Level 2.3 Air Magic
 + Level 2.3 Earth Magic
 + Level 2.3 Poison Magic
 + Level 3.1 Invocations
 + Level 2.8 Evocations


You had 12 spell levels left.
You didn't know any spells.

Dungeon Overview and Level Annotations

Branches:
Dungeon (7/15)             Temple (1/1) D:5

Altars:
Cheibriados
Elyvilon
Fedhas
Hepliaklqana
Makhleb
Nemelex Xobeh
Okawaru
Qazlal
Ru
Trog
Vehumet
Wu Jian
Xom
Yredelemnul
Zin

Annotations:
D:3 1994's ghost, amateur DrTm


Innate Abilities, Weirdness & Mutations

Your experience applies equally to all skills.
You have very sharp teeth.
Your uncanny sense of smell can sniff out nearby items.


Message History

You feel as if something is helping you.
Wear which item? (? for menu, Esc to quit)
You start removing your armour.
You continue taking off your +0 leather armour. x4
You finish taking off your +0 leather armour.
You start putting on your armour.
You continue putting on your shiny chain mail. x5
You finish putting on your +1 chain mail of poison resistance.
You feel resistant to poison.
Adjust (i)tems, (s)pells, or (a)bilities?
Adjust which item? (? for menu, Esc to quit)
l - a +1 chain mail of poison resistance (worn)
Adjust to which letter? (? for menu, Esc to quit)
B - a +1 chain mail of poison resistance (worn)
l - a +0 leather armour The orc shouts! x2; The orc warrior shouts!
The orc shouts! 3 orcs come into view.
Wield which item (- for none, * to show all)? (? for menu, Esc to quit)
Your +0 hand axe of freezing stops glowing.
g - a +0 blowgun (weapon)
The orc shouts! x4; You hear a shout!
The orc moves out of view.
An orc comes into view. It is wielding a trident.
Firing (i - inventory. (,) - cycle):
y - 2 curare-tipped needles (quivered)
Press: ? - help, Shift-Dir - straight line, f - orc warrior
Aim: an orc warrior, wielding a war axe You shoot a curare-tipped needle.
The curare-tipped needle hits the orc warrior.
The orc warrior is poisoned.
The orc warrior convulses.
The orc warrior seems to slow down.
The orc warrior is moderately wounded.
Unknown command.
Firing (i - inventory. (,) - cycle):
y - a curare-tipped needle (quivered)
Press: ? - help, Shift-Dir - straight line, f - orc warrior, p - orc warrior
Aim: an orc warrior, wielding a trident You shoot a curare-tipped needle.
The curare-tipped needle hits the orc warrior.
The orc warrior is poisoned.
The orc warrior convulses.
The orc warrior seems to slow down.
The orc warrior is moderately wounded.
Unknown command.
Wield which item (- for none, * to show all)? (? for menu, Esc to quit)
Okay, then.
Firing (i - inventory. (,) - cycle):
e - 46 poisoned needles (quivered)
Press: ? - help, Shift-Dir - straight line, f - orc, p - orc warrior
Aim: an orc, wielding a halberd You shoot a poisoned needle.
The poisoned needle completely misses the orc.
The poisoned needle hits the orc.
The orc is poisoned.
Unknown command.
Okay, then.
Unknown command.
Wield which item (- for none, * to show all)? (? for menu, Esc to quit)
w - a +0 war axe (weapon)
An orc comes into view. It is wielding a halberd.
The orc shouts! x2
The orc barely misses you. The orc hits you but does no damage.
Unknown command.
You slash the orc!
You kill the orc!
Cheibriados appreciates the change of pace.
The orc barely misses you.
The orc hits you from afar with a halberd.
The orc closely misses you. The orc hits you but does no damage.
You kill the orc!
Cheibriados thoroughly appreciates the change of pace.
The orc closely misses you. x2
The orc warrior hits you with a war axe!!
The orc closely misses you.
The orc hits you from afar with a trident.
The orc hits you but does no damage. The orc barely misses you. x3
You see here a hand axe.
Unknown command.
You closely miss the orc warrior.
The orc warrior is heavily wounded.
You slash the orc!
You kill the orc!
Cheibriados thoroughly appreciates the change of pace.
You hit the orc. You hit the orc but do no damage.
The orc hits you from afar with a halberd.
The orc closely misses you. The orc hits you but does no damage. x2
The orc warrior hits you with a war axe.
* * * LOW HITPOINT WARNING * * *
The orc hits you with a halberd.
* * * LOW HITPOINT WARNING * * *
The orc hits you from afar with a halberd!
* * * LOW HITPOINT WARNING * * *
The orc warrior hits you from afar with a trident.
* * * LOW HITPOINT WARNING * * *
You closely miss the orc warrior.
The orc warrior is severely wounded.
You hit the orc but do no damage. You hit the orc.
You kill the orc!
Cheibriados thoroughly appreciates the change of pace.
The orc hits you from afar with a halberd.
* * * LOW HITPOINT WARNING * * *
The orc hits you but does no damage. The orc completely misses you.
The orc hits you but does no damage. x2
The orc warrior hits you with a war axe!!
You die...

#######
##..∩..##
#.......#
#∩.....∩#
#.......#
#.......#
#..)@...#
#.ooo)o.#
#..ooo..#
#...o...#
#..((...#
#.......#
##.....##
###'###


You could see 2 orc warriors and 6 orcs.

Vanquished Creatures
  The ghost of Verendum the Chiller, a novice OpIE (D:5)
  Duvessa (D:5)
  An ice beast (D:5)
  A bullfrog (D:7)
  Dowan (D:5)
  2 orc priests
  Jessica (D:2)
  Terence (D:3)
  2 orc wizards (D:5)
  A worker ant (D:6)
  4 gnolls (D:6)
  An adder (D:3)
  A howler monkey skeleton (D:5)
  2 shadow imps (D:6)
  2 adder skeletons (D:6)
  A leopard gecko (D:6)
  17 orcs
  6 hobgoblins
  2 quokkas (D:4)
  A frilled lizard (D:3)
  A giant cockroach zombie (D:5)
  A goblin (D:3)
  A kobold (D:1)
  A leopard gecko zombie (D:5)
  A quokka zombie (D:6)
  3 rats
57 creatures vanquished.

Notes
Turn   | Place    | Note
-------+----------+-------------------------------------------
     0 | D:1      | tidbits the Gnoll Assassin began the quest for the Orb.
     0 | D:1      | Reached XP level 1. HP: 20/20 MP: 1/1
   166 | D:3      | Noticed Terence
   168 | D:3      | Killed Terence
   168 | D:3      | Reached XP level 2. HP: 26/26 MP: 2/2
   168 | D:3      | Reached XP level 3. HP: 31/31 MP: 3/3
   212 | D:3      | Found a bloodstained altar of Trog.
   219 | D:3      | Reached skill level 1 in Invocations
   336 | D:2      | Noticed Jessica
   342 | D:2      | Killed Jessica
   342 | D:2      | Reached skill level 1 in Long Blades
   342 | D:2      | Reached skill level 1 in Axes
   342 | D:2      | Reached skill level 1 in Maces & Flails
   342 | D:2      | Reached skill level 1 in Polearms
   342 | D:2      | Reached skill level 1 in Staves
   342 | D:2      | Reached skill level 1 in Slings
   342 | D:2      | Reached skill level 1 in Bows
   342 | D:2      | Reached skill level 1 in Crossbows
   342 | D:2      | Reached skill level 1 in Armour
   342 | D:2      | Reached skill level 1 in Shields
   342 | D:2      | Reached skill level 1 in Unarmed Combat
   342 | D:2      | Reached skill level 1 in Spellcasting
   342 | D:2      | Reached skill level 1 in Evocations
   342 | D:2      | Reached XP level 4. HP: 31/38 MP: 5/5
   347 | D:2      | Found a white marble altar of Elyvilon.
   405 | D:3      | Found a faded altar of an unknown god.
   519 | D:3      | Noticed 1994's ghost (amateur DrTm)
   560 | D:5      | Entered Level 5 of the Dungeon
   585 | D:5      | Noticed Dowan
   758 | D:5      | Reached skill level 1 in Conjurations
   758 | D:5      | Reached skill level 1 in Hexes
   758 | D:5      | Reached skill level 1 in Charms
   758 | D:5      | Reached skill level 1 in Summonings
   758 | D:5      | Reached skill level 1 in Necromancy
   758 | D:5      | Reached skill level 1 in Translocations
   758 | D:5      | Reached skill level 1 in Transmutations
   758 | D:5      | Reached skill level 1 in Fire Magic
   758 | D:5      | Reached skill level 1 in Ice Magic
   758 | D:5      | Reached skill level 1 in Air Magic
   758 | D:5      | Reached skill level 1 in Earth Magic
   758 | D:5      | Reached skill level 1 in Poison Magic
   826 | D:6      | Reached XP level 5. HP: 20/43 MP: 6/6
   862 | D:5      | Noticed an ice beast
   867 | D:5      | Noticed Verendum's ghost (novice OpIE)
   868 | D:5      | Killed an ice beast
   868 | D:5      | Reached skill level 3 in Dodging
   868 | D:5      | Reached skill level 8 in Stealth
   874 | D:5      | Killed Verendum's ghost
   874 | D:5      | Reached skill level 5 in Fighting
   874 | D:5      | Reached skill level 5 in Short Blades
   874 | D:5      | Reached skill level 2 in Long Blades
   874 | D:5      | Reached skill level 2 in Axes
   874 | D:5      | Reached skill level 2 in Maces & Flails
   874 | D:5      | Reached skill level 2 in Polearms
   874 | D:5      | Reached skill level 2 in Staves
   874 | D:5      | Reached skill level 2 in Slings
   874 | D:5      | Reached skill level 2 in Bows
   874 | D:5      | Reached skill level 2 in Crossbows
   874 | D:5      | Reached skill level 5 in Throwing
   874 | D:5      | Reached skill level 2 in Armour
   874 | D:5      | Reached skill level 2 in Shields
   874 | D:5      | Reached skill level 2 in Unarmed Combat
   874 | D:5      | Reached skill level 2 in Spellcasting
   874 | D:5      | Reached skill level 2 in Invocations
   874 | D:5      | Reached skill level 2 in Evocations
   874 | D:5      | Reached XP level 6. HP: 32/51 MP: 6/9
   874 | D:5      | Reached XP level 7. HP: 35/56 MP: 6/10
   927 | D:5      | HP: 4/56 [orc priest/divine providence (13)]
  1110 | D:7      | Found an ornate altar of the Wu Jian Council.
  1142 | D:6      | Reached skill level 2 in Conjurations
  1142 | D:6      | Reached skill level 2 in Hexes
  1142 | D:6      | Reached skill level 2 in Charms
  1142 | D:6      | Reached skill level 2 in Summonings
  1142 | D:6      | Reached skill level 2 in Necromancy
  1142 | D:6      | Reached skill level 2 in Translocations
  1142 | D:6      | Reached skill level 2 in Transmutations
  1142 | D:6      | Reached skill level 2 in Fire Magic
  1142 | D:6      | Reached skill level 2 in Ice Magic
  1142 | D:6      | Reached skill level 2 in Air Magic
  1142 | D:6      | Reached skill level 2 in Earth Magic
  1142 | D:6      | Reached skill level 2 in Poison Magic
  1186 | D:5      | Found a staircase to the Ecumenical Temple.
  1196 | Temple   | Entered the Ecumenical Temple
  1223 | Temple   | Became a worshipper of Cheibriados the Contemplative
  1325 | D:5      | Noticed Duvessa
  1330 | D:5      | Killed Duvessa
  1332 | D:5      | Killed Dowan
  1332 | D:5      | Reached skill level 3 in Invocations
  1458 | D:7      | Reached XP level 8. HP: 60/63 MP: 12/12
  1459 | D:7      | Found a flagged portal.
  1502 | Bailey   | Entered a bailey
  1528 | Bailey   | Slain by an orc warrior

Skill      XL: |  1  2  3  4  5  6  7 |
---------------+----------------------+-----
Invocations    | 1 2 3 |  3.1
Long Blades    | 1 2 |  2.8
Axes           | 1 2 |  2.8
Maces & Flails | 1 2 |  2.8
Polearms       | 1 2 |  2.8
Staves         | 1 2 |  2.8
Slings         | 1 2 |  2.8
Bows           | 1 2 |  2.8
Crossbows      | 1 2 |  2.8
Armour         | 1 2 |  2.8
Shields        | 1 2 |  2.8
Unarmed Combat | 1 2 |  2.8
Spellcasting   | 1 2 |  2.8
Evocations     | 1 2 |  2.8
Conjurations   | 1 2 |  2.3
Hexes          | 1 2 |  2.3
Charms         | 1 2 |  2.3
Summonings     | 1 2 |  2.3
Necromancy     | 1 2 |  2.3
Translocations | 1 2 |  2.3
Transmutations | 1 2 |  2.3
Fire Magic     | 1 2 |  2.3
Ice Magic      | 1 2 |  2.3
Air Magic      | 1 2 |  2.3
Earth Magic    | 1 2 |  2.3
Poison Magic   | 1 2 |  2.3
Dodging        | 3 |  3.9
Stealth        | 8 |  8.3
Fighting       | 5 |  5.4
Short Blades   | 5 |  5.4
Throwing       | 5 |  5.4

Action                   |  1- 3 |  4- 6 |  7- 9 || total
-------------------------+-------+-------+-------++-------
Melee: Dagger            |    25 |    47 |    64 ||   136
       Bite              |     4 |     2 |    14 ||    20
       Morningstar       |       |       |     8 ||     8
       Hand axe          |       |       |     4 ||     4
       War axe           |       |       |     3 ||     3
       Punch             |       |       |     1 ||     1
 Fire: Blowgun           |     4 |     1 |     9 ||    14
Throw: Tomahawk          |     1 |       |    29 ||    30
Evoke: Wand              |       |     6 |     3 ||     9
  Use: Scroll            |       |     3 |     6 ||     9
       Potion            |       |     3 |     1 ||     4
 Stab: Sleeping          |     7 |     3 |     5 ||    15
       Paralysed         |       |     2 |     3 ||     5
  Eat: Ration            |       |       |     1 ||     1
       Chunk             |       |       |     1 ||     1
Armor: Robe              |     2 |     1 |       ||     3
       Leather armour    |       |     3 |    11 ||    14
       Chain mail        |       |       |     8 ||     8
Dodge: Dodged            |     5 |    20 |    49 ||    74

Table legend:
 A = Turns spent in this place as a percentage of turns spent in the entire game.
 B = Non-inter-level travel turns spent in this place as a percentage of non-inter-level travel turns spent in the entire game.
 C = Inter-level travel turns spent in this place as a percentage of turns spent in this place.
 D = Turns resting spent in this place as a percentage of non-inter-level travel turns spent in this place.
 E = Turns spent auto-exploring this place as a percentage of non-inter-level travel turns spent in this place.
 F = Non-inter-level travel turns spent in this place divided by the number of levels of this place that you've seen.
                   A       B       C       D       E      F
               +-------+-------+-------+-------+-------+----------------------
         Total | 100.0 | 100.0 |   1.0 |   0.0 |   0.0 | 168.1
       Dungeon |  95.4 |  96.4 |   0.0 |   0.0 |   0.0 | 208.3
        Temple |   2.9 |   1.9 |  34.1 |   0.0 |   0.0 |  29.0
        Bailey |   1.7 |   1.7 |   0.0 |   0.0 |   0.0 |  26.0
               +-------+-------+-------+-------+-------+----------------------

Table legend:
 A = Kills in this place as a percentage of kills in entire the game.
 B = Kills by you in this place as a percentage of kills by you in the entire game.
 C = Kills by friends in this place as a percentage of kills by friends in the entire game.
 D = Other kills in this place as a percentage of other kills in the entire game.
 E = Experience gained in this place as a percentage of experience gained in the entire game.
 F = Experience gained in this place divided by the number of levels of this place that you have seen.
                   A       B       C       D       E      F
               +-------+-------+-------+-------+-------+----------------------
         Total | 100.0 | 100.0 |   N/A |   N/A | 100.0 | 140.1
       Dungeon |  93.0 |  93.0 |   N/A |   N/A |  99.0 | 178.4
        Bailey |   7.0 |   7.0 |   N/A |   N/A |   1.0 |  12.0
               +-------+-------+-------+-------+-------+----------------------

Vault maps used:
D:1:      shiori_arrival_oz, lemuel_another_geyser
D:2:      elyvilon_altar_4, uniq_jessica
D:3:      bloody_trog, serial_glass, glass_columns_a, glass_columns_a,
          chequers_ecumenical_altar_simple_redux, minmay_misc_feat_pillars,
          uniq_terence
D:4:      lemuel_crystal_altar, first_ration
D:5:      temple_hall, uniq_duvessa
D:6:      tgw_fedhas
D:7:      nicolae_overflow_crystal_walls, enter_bailey_2
Temple:   regret_index_temple_mists
Bailey:   bailey_polearm_5, bailey
